 Dungeon Crawl Stone Soup version 0.24.0-1-gfbc8707 (webtiles) character file.

Game seed: 16876812339300840056, levelgen mode: deterministic

140 Cathelsopet the Stinger (level 5, -3/28 HPs)
             Began as an Octopode Venom Mage on Jan 3, 2020.
             Was an Initiate of Hepliaklqana.
             Slain by a wight
             ... wielding a cursed +4 dagger
              (9 damage)
             ... on level 3 of the Dungeon.
             The game lasted 00:09:33 (2644 turns).

Cathelsopet the Stinger (Octopode Venom Mage)       Turns: 2644, Time: 00:09:34

Health: -3/28      AC:  1    Str:  7    XL:     5   Next: 22%
Magic:  8/8        EV: 13    Int: 19    God:    Hepliaklqana [......]
Gold:   146        SH:  0    Dex: 12    Spells: 7/8 levels left

rFire    . . .     SeeInvis .   a - +0 hand axe
rCold    . . .     Gourm    .   (no shield)
rNeg     . . .     Faith    .   (helmet restricted)
rPois    .         Spirit   .   (no amulet)
rElec    .         Reflect  .   e - ring of resist corrosion
rCorr    +         Harm     .   (no ring)
MR       .....                  (no ring)
Stlth    ++++......             (no ring)
HPRegen  0.09/turn              (no ring)
MPRegen  0.11/turn              (no ring)
                                (no ring)
                                (no ring)

@: lightly drained
A: almost no armour, stealthy swim, amphibious, 8 rings, constrict 8, reduced
essence, camouflage 1, gelatinous body 1
a: Recall Ancestor, Ancestor Identity, Renounce Religion


You were on level 3 of the Dungeon.
You worshipped Hepliaklqana.
Hepliaklqana was noncommittal.
You were hungry.

You visited 1 branch of the dungeon, and saw 3 of its levels.

You collected 146 gold pieces.

Inventory:

Hand Weapons
 a - a +0 hand axe (weapon)
 b - a +0 hunting sling
Missiles
 d - 77 stones (quivered)
 o - 16 poisoned darts
 u - 30 sling bullets
Jewellery
 e - a ring of resist corrosion (left tentacle)
Scrolls
 g - a scroll of enchant weapon {unknown}
 h - 2 scrolls of immolation {unknown}
 i - a scroll of blinking {unknown}
 j - a scroll of amnesia {unknown}
 k - 5 scrolls of remove curse {unknown}
 m - a scroll of noise {unknown}
 n - a scroll of fear {unknown}
 q - 4 scrolls of magic mapping {unknown}
 r - a scroll of random uselessness {unknown}
 t - 2 scrolls of identify {unknown}
Potions
 c - a potion of degeneration {unknown}
 f - 2 potions of haste {unknown}
 l - 2 potions of resistance {unknown}
 p - a potion of agility {unknown}
 s - a potion of curing {unknown}
Comestibles
 v - 4 rations


   Skills:
 + Level 0.8(0.5) Fighting
 - Level 2.0(1.7) Dodging
 - Level 5.1(4.8) Stealth
 + Level 2.2(1.9) Spellcasting
 - Level 1.0(0.7) Conjurations
 - Level 5.2(4.9) Poison Magic
 + Level 1.0(0.7) Invocations


You had 7 spell levels left.
You knew the following spells:

 Your Spells              Type           Power        Failure   Level  Hunger
a - Sting                 Conj/Pois      ##..         5%          1    #......

Your spell library contained the following spells:

 Spells                   Type           Power        Failure   Level  Hunger
 Poisonous Vapours        Pois/Air       ##....       10%         2    ###....
 Olgreb's Toxic Radiance  Pois           ###.....     22%         4    #####..
 Mephitic Cloud           Conj/Pois/Air  #.......     24%         3    ###....
 Venom Bolt               Conj/Pois      ##........   83%         5    ######.


Dungeon Overview and Level Annotations

Branches:
Dungeon (3/15)

Altars:
Hepliaklqana
Okawaru


Innate Abilities, Weirdness & Mutations

You cannot wear most types of armour.
You are very stealthy in the water. (Stealth+)
You are amphibious.
You can wear up to eight rings at the same time.
You can use your tentacles to constrict eight enemies at once.
Your skin changes colour to match your surroundings (Stealth+).
Your rubbery body absorbs attacks. (AC +1, EV +1)
Your life essence is reduced to manifest your ancestor. (-10% HP)


Message History

Your Invocations skill increases to level 1!
You have reached level 5!
You feel clever.
You are feeling hungry.
You hit the wight. You grab the wight. You squeeze the wight.
The wight is lightly damaged.
You constrict the wight.
The wight hits you with a cursed +4 dagger!
* * * LOW HITPOINT WARNING * * *
You feel drained.
* * * LOW HITPOINT WARNING * * *
You hit the wight but do no damage. You squeeze the wight.
The wight is moderately damaged.
You constrict the wight, but do no damage.
The wight closely misses you. The wight misses you.
You completely miss the wight.
The wight is moderately damaged.
You constrict the wight, but do no damage.
The wight hits you with a cursed +4 dagger!
You die...

...........##.#... #......
.÷####.######.#...#####?r.#
.......# #.# .....z.<.(#
..####....... ....zK...O..#
.## ######## #.#####.....#
.# K# ####### .# .# .####
###z# ..... #.@.# .###.#
#.### .###.# #.# ...#.# #.#
.#.#.## #.# .#.... #.# )#
#.##########.#
.###....÷.......#
#.....###########


You could see a wight and a kobold.

Vanquished Creatures
  2 wights (D:3)
  2 oozes
  2 dart slugs
  A leopard gecko (D:2)
  4 ball pythons
  7 hobgoblins
  3 jackals (D:3)
  2 bats (D:1)
  2 frilled lizards
  5 goblins
  3 kobolds
  15 rats
48 creatures vanquished.

Vanquished Creatures (collateral kills)
  A jackal (D:3)
1 creature vanquished.

Vanquished Creatures (others)
  2 ancestors (D:3)
2 creatures vanquished.

Grand Total: 51 creatures vanquished

Notes
Turn   | Place    | Note
-------+----------+-------------------------------------------
     0 | D:1      | Cathelsopet the Octopode Venom Mage began the quest for the
                  | Orb.
     0 | D:1      | Reached XP level 1. HP: 11/11 MP: 3/3
   252 | D:1      | Reached XP level 2. HP: 17/17 MP: 5/5
   776 | D:1      | Reached XP level 3. HP: 20/21 MP: 6/6
  1826 | D:2      | Found an iron altar of Okawaru.
  2096 | D:3      | Found a hazy altar of Hepliaklqana.
  2104 | D:3      | Became a worshipper of Hepliaklqana the Forgotten
  2143 | D:3      | Reached XP level 4. HP: 16/24 MP: 7/7
  2488 | D:3      | Noticed an ogre
  2637 | D:3      | Reached skill level 5 in Stealth
  2637 | D:3      | Reached skill level 5 in Poison Magic
  2641 | D:3      | Reached skill level 1 in Invocations
  2641 | D:3      | Reached XP level 5. HP: 15/28 MP: 8/8
  2644 | D:3      | Slain by a wight

Levels and vault maps discovered:
D:1:      minmay_arrival_cross, layout_loops_ring, minmay_rat_gold_closets
D:2:      layout_loops_cross, hangedman_decor_growths,
          minmay_misc_feat_enclosed, okawaru_gym_becter
D:3:      layout_loops_ring, lemuel_crystal_altar,
          chequers_ecumenical_altar_simple_redux

Skill      XL: |  1  2  3  4 |
---------------+-------------+-----
Stealth        | 3 4 5 |  5.1
Poison Magic   | 4 5 |  5.2
Invocations    | 1 |  1.0
Fighting       | |  0.8
Dodging        | |  2.0
Spellcasting   | |  2.2
Conjurations   | |  1.0

Action                   |  1- 3 |  4- 6 || total
-------------------------+-------+-------++-------
Melee: Hand axe          |   100 |    16 ||   116
       Constrict         |    24 |     3 ||    27
       Tentacles         |     8 |     5 ||    13
 Cast: Sting             |     1 |       ||     1
 Stab: Sleeping          |    16 |     1 ||    17
  Eat: Chunk             |     4 |     1 ||     5
Armor: Skin              |     4 |       ||     4
Dodge: Dodged            |    68 |    11 ||    79
